 Dungeon Crawl Stone Soup version 0.28-a0-1199-gef9e1dbd39 (webtiles) character file.

Game seed: 10472413941314218120

33 fragbeetle the Poker (level 3, -1/42 HPs)
             Began as a Merfolk Gladiator on Dec 20, 2021.
             Succumbed to a goblin's poison
             ... on level 2 of the Dungeon.
             The game lasted 00:02:56 (990 turns).

fragbeetle the Poker (Merfolk Gladiator)             Turns: 990, Time: 00:02:56

Health: -1/42      AC: 21    Str: 16    XL:     3   Next: 29%
Magic:  3/3        EV:  2    Int:  7    God:
Gold:   27         SH:  0    Dex: 15    Spells: 2/2 levels left

rFire   . . .      SeeInvis .   a - +0 trident
rCold   . . .      Faith    .   (no shield)
rNeg    . . .      Spirit   .   (armour currently unavailable)
rPois   +          Reflect  .   (helmet currently unavailable)
rElec   .          Harm     .   (cloak currently unavailable)
rCorr   .          Rampage  .   (gloves currently unavailable)
Will    .....      NoTele   +   (boots currently unavailable)
Stlth   +.........              (no amulet)
HPRegen 0.14/turn               (no ring)
MPRegen 0.08/turn               (no ring)

@: lethally poisoned (-1 -> -10), tree-form
A: stationary, stasis, torment immunity, boosted hp, (nimble swimmer 2),
(mertail), (claws 1), MP-powered wands, devolution 1
a: no special abilities


You were on level 2 of the Dungeon.
You were a tree.
You visited 1 branch of the dungeon, and saw 2 of its levels.

You collected 27 gold pieces.

Inventory:

Hand Weapons
 a - a +0 trident (weapon)
Missiles
 d - 3 throwing nets (quivered)
 n - 25 stones
Armour
 b - a +0 leather armour (melded)
 e - a +2 hat (melded)
Scrolls
 c - 3 scrolls of identify {unknown}
 f - a scroll of fear {unknown}
 g - a scroll of vulnerability {unknown}
 h - a scroll of enchant armour {unknown}
 i - 2 scrolls of teleportation {unknown}
 k - 2 scrolls of enchant weapon {unknown}
 m - a scroll of brand weapon {unknown}
Potions
 j - a potion of lignification
 l - a potion of mutation


   Skills:
 + Level 2.7 Fighting
 + Level 4.9 Polearms
 - Level 2.0 Throwing
 + Level 0.8 Armour
 + Level 4.5 Dodging


You had 2 spell levels left.
You didn't know any spells.
Your spell library contained the following spells:

 Spells                   Type           Power      Damage    Failure   Level
 Ozocubu's Armour         Ice            0%         N/A       80%         3
 Metabolic Englaciation   Hex/Ice        0%         N/A       100%        5
 Simulacrum               Ice/Necr       0%         N/A       100%        6


Dungeon Overview and Level Annotations

Branches:
Dungeon (2/15)

Altars:


Innate Abilities, Weirdness & Mutations

You are a tree.
Your roots penetrate the ground, keeping you stationary.
You cannot be teleported.
You are immune to unholy pain and torment.
Your maximum health is greatly increased.
Your equipment is partially melded.
((You are quick and stealthy near water. (Stealth+, EV+, Speed+++)))
((Your lower body shifts to a powerful aquatic tail in water.))
((You have sharp fingernails.))
You expend magic power (3 MP) to strengthen your wands.
You have hidden genetic defects.


Message History

The ball python bites you but does no damage.
The ball python constricts you. The goblin hits you but does no damage.
You are more poisoned.
You completely miss the goblin.
The goblin is heavily wounded.
You feel very sick.
The ball python bites you but does no damage.
The ball python constricts you. The goblin hits you but does no damage.
You are lethally poisoned!
You barely miss the goblin.
The goblin is heavily wounded.
You feel very sick.
The ball python bites you but does no damage.
The ball python constricts you.
The goblin hits you with a +0 dagger of venom.
You hit the goblin.
You kill the goblin!
* * * LOW HITPOINT WARNING * * *
You feel very sick. The ball python bites you.
* * * LOW HITPOINT WARNING * * *
The ball python constricts you.
* * * LOW HITPOINT WARNING * * *
The ball python closely misses you. The ball python constricts you.
You hit the ball python.
You kill the ball python!
* * * LOW HITPOINT WARNING * * *
You feel very sick.
It was a potion of lignification.
You turn into a tree.
Your +2 hat melds into your body.
Your +0 leather armour melds into your body.
Your roots penetrate the ground.
* * * LOW HITPOINT WARNING * * *
You feel sick.
Unknown command.
It was a potion of mutation.
You feel extremely strange.
Your fingernails lengthen.
You feel a hidden malignance growing inside you.
You feel your magical essence link to the dungeon's wands.
You die...

##..## ####
##..## ..
...######..## .#
##........######
#.#
#######.......#
<. ##.#####.# .#
#..# #.##.# #[##
#.#).# #.# #..♣#
## #.# #...?†##
.### ##.#
#.###...
...###..# #
####.#
##.....###.. .#
###.......# .#
#<#.....# #
#.##.##.#
#>##.##..##


There were no monsters in sight!

Vanquished Creatures
  A dart slug (D:1)
  3 ball pythons
  3 bats
  An endoplasm (D:1)
  A giant cockroach (D:1)
  6 goblins
  A hobgoblin (D:1)
  3 jackals (D:1)
  A kobold (D:1)
  2 quokkas (D:1)
  6 rats
28 creatures vanquished.

Vanquished Creatures (others)
  10 fungi (D:2)
  5 plants (D:2)
15 creatures vanquished.

Grand Total: 43 creatures vanquished

Notes
Turn   | Place    | Note
-------+----------+-------------------------------------------
     0 | D:1      | fragbeetle the Merfolk Gladiator began the quest for the
                  | Orb.
     0 | D:1      | Reached XP level 1. HP: 16/16 MP: 1/1
   134 | D:1      | Reached XP level 2. HP: 23/23 MP: 2/2
   395 | D:1      | Reached XP level 3. HP: 28/28 MP: 3/3
   989 | D:2      | HP: 1/42 [poisoned by a goblin]
   990 | D:2      | Gained mutation: You have sharp fingernails. [potion of
                  | mutation]
   990 | D:2      | Gained mutation: You have hidden genetic defects. [potion
                  | of mutation]
   990 | D:2      | Gained mutation: You expend magic power (3 MP) to
                  | strengthen your wands. [potion of mutation]
   990 | D:2      | Succumbed to a goblin's poison

Illustrated notes

Levels and vault maps discovered:
D:1:      elethiomel_arrival_diamonds, layout_basic
D:2:      layout_rooms, dreamdust_ecumenical_altar_grove

Action                   || total
-------------------------++-------
Melee: Trident           ||   104
  Use: Potion            ||     2
Armor: Leather armour    ||    48
Dodge: Dodged            ||    89

Table legend: (Time is in decaauts)
 A = Elapsed time spent in this place.
 B = Non-inter-level travel time spent in this place.
 C = Inter-level travel time spent in this place.
 D = Time resting spent in this place.
 E = Time spent auto-exploring this place.
 F = Levels seen in this place.
 G = Mean time per level.
                   A        B        C        D        E       F      G
               +--------+--------+--------+--------+--------+-----+--------+
         Total |    995 |    995 |      0 |      0 |    607 |   2 |  497.5 |
       Dungeon |    995 |    995 |      0 |      0 |    607 |   2 |  497.5 |
               +--------+--------+--------+--------+--------+-----+--------+

Top non-repeatable levels by time:
     D:1: 727 daAuts
     D:2: 268 daAuts
